AoeStats
← AgusCasla97

Arena

509160308Analyzed
3v3 RM · 7d ago on Sep 25, 2026· 72m 6s· 6 players
Game mode
Random Map
Map size
Normal (6 player)
Population
200
Speed
Normal
Resources
Standard
Victory
Conquest
Starting age
Dark Age
Ending age
Imperial Age
RankedLock teamsTeams togetherTeam positionsShared explorationLock speedFull tech treeHidden civsTurbo modeCheats
Victory
Defeat
🇪🇸 Spanish · Spain
840
+14
🇪🇸 Magyars · Spain
836
+14
🇪🇸 Italians · Spain
834
+14
🇺🇸 Teutons · United States
818
-14
🇦🇷 Byzantines · Argentina
808
-15
🇦🇷 Burgundians · Argentina
774
-13
Che Guevara
3:52 Loom
11:51 Feudal Age
13:24 Wheelbarrow
13:03 Double-Bit Axe
17:16 Castle Age
15:27 Stone Mining
16:20 Gold Mining
16:13 Horse Collar
18:15 Heavy Plow
18:26 Bow Saw
19:20 Stone Shaft Mining
32:58 Imperial Age
33:44 Padded Archer Armor
39:55 Elite Conquistador
42:54 Pikeman
46:04 Leather Archer Armor
49:57 Chemistry
IMANOL
10:49 Feudal Age
11:37 Double-Bit Axe
14:28 Wheelbarrow
17:18 Castle Age
15:47 Gold Mining
16:07 Stone Mining
20:13 Bow Saw
24:12 Imperial Age
22:02 Padded Archer Armor
22:47 Fletching
23:51 Bodkin Arrow
24:20 Leather Archer Armor
24:52 Ballistics
27:26 Chemistry
26:38 Bodkin Arrow
29:09 Ring Archer Armor
28:40 Bracer
31:22 Elite Genoese Crossbowman
34:07 Treadmill Crane
39:22 Fortified Wall
39:22 Masonry
39:08 Murder Holes
39:00 Arrowslits
46:22 Hand Cart
61:36 Conscription
61:42 Conscription
61:50 Conscription
Wolsitto
11:13 Feudal Age
12:23 Double-Bit Axe
13:06 Horse Collar
19:28 Castle Age
19:27 Stone Mining
19:58 Bloodlines
21:01 Scale Barding Armor
21:51 Wheelbarrow
22:49 Corvinian Army
23:19 Bow Saw
24:23 Heavy Plow
24:37 Gold Mining
25:57 Loom
29:09 Thumb Ring
29:44 Pikeman
32:30 Padded Archer Armor
36:07 Hand Cart
37:36 Gold Shaft Mining
39:04 Chain Barding Armor
39:01 Leather Archer Armor
38:37 Fletching
40:59 Husbandry
43:51 Imperial Age
44:29 Ballistics
44:08 Heavy Cavalry Archer
45:14 Parthian Tactics
44:14 Elite Magyar Huszar
45:15 Conscription
44:57 Recurve Bow
45:35 Plate Barding Armor
46:49 Chemistry
45:47 Bodkin Arrow
47:05 Ring Archer Armor
GrungyEar9399
5:10 Double-Bit Axe
10:25 Feudal Age
14:33 Castle Age
13:05 Bow Saw
12:41 Horse Collar
21:03 Gold Mining
21:04 Stone Mining
23:11 Husbandry
22:34 Cavalier
23:53 Scale Barding Armor
24:01 Forging
28:08 Wheelbarrow
27:50 Fletching
29:03 Chain Barding Armor
30:04 Bodkin Arrow
33:14 Imperial Age
31:03 Hand Cart
31:56 Two-Man Saw
31:23 Loom
32:53 Bodkin Arrow
33:36 Iron Casting
34:08 Gold Shaft Mining
34:11 Stone Shaft Mining
33:36 Paladin
37:38 Elite Skirmisher
38:36 Padded Archer Armor
38:37 Bracer
40:40 Chemistry
44:07 Ballistics
43:58 Masonry
45:05 Leather Archer Armor
46:01 Murder Holes
46:17 Fortified Wall
46:38 Architecture
68:35 Light Cavalry
69:28 Hussar
70:55 Plate Barding Armor
71:21 Blast Furnace
AgusCasla97
10:33 Feudal Age
14:48 Castle Age
14:21 Double-Bit Axe
14:40 Horse Collar
22:08 Bow Saw
22:57 Wheelbarrow
24:56 Bloodlines
27:09 Scale Barding Armor
26:57 Fletching
28:42 Chain Barding Armor
28:34 Forging
31:21 Hand Cart
31:18 Town Watch
32:55 Iron Casting
35:43 Imperial Age
34:37 Heavy Plow
34:33 Gold Mining
35:26 Town Patrol
36:24 Heavy Scorpion
38:06 Chemistry
37:19 Masonry
36:37 Cavalier
38:50 Plate Barding Armor
40:32 Paladin
42:06 Padded Archer Armor
42:02 Bodkin Arrow
43:08 Blast Furnace
42:26 Elite Teutonic Knight
43:21 Capped Ram
44:12 Scale Mail Armor
44:16 Squires
44:03 Arson
44:51 Crop Rotation
46:07 Theocracy
48:54 Chain Mail Armor
50:26 Plate Mail Armor
57:48 Two-Man Saw
61:44 Stone Mining
63:49 Siege Engineers
64:29 Ballistics
JaMun06
12:20 Feudal Age
14:43 Loom
15:35 Wheelbarrow
14:56 Gold Mining
14:57 Stone Mining
14:52 Horse Collar
15:00 Double-Bit Axe
23:12 Castle Age
21:56 Forging
21:51 Scale Barding Armor
23:21 Scale Barding Armor
23:59 Husbandry
25:52 Iron Casting
25:39 Heavy Plow
27:45 Chain Barding Armor
32:12 Hand Cart
33:37 Bow Saw
37:47 Imperial Age
37:56 Heavy Camel Rider
40:37 Greek Fire
42:26 Gold Shaft Mining
42:30 Stone Shaft Mining
47:44 Logistica
65:29 Plate Barding Armor
Connection lost

Rejoining the realm…

Still unreachable

The connection could not be restored.

Session expired

The server has moved on; the page needs a fresh start.